 Dungeon Crawl Stone Soup version 0.30-a0-465-g8901f6c8b5 (webtiles) character file.

Game seed: 8677788455353024053

339 arthad the Digger (level 6, -2/35 HPs)
             Began as a Gargoyle Earth Elementalist on Dec 19, 2022.
             Slain by Pikel
             ... wielding a +2 whip of freezing
              (8 damage)
             ... on level 4 of the Dungeon.
             The game lasted 00:12:07 (2988 turns).

arthad the Digger (Gargoyle Earth Elementalist)     Turns: 2988, Time: 00:12:08

Health: -2/35      AC:  7    Str: 11    XL:     6   Next: 55%
Magic:  9/10       EV: 16    Int: 18    God:
Gold:   137        SH:  0    Dex: 10    Spells: 5/11 levels left

rFire   . . .      SeeInvis .    s - staff of earth
rCold   . . .      Faith    .    (no shield)
rNeg    + . .      Spirit   .    a - +0 robe
rPois   ∞          Reflect  .    (no helmet)
rElec   +          Harm     .    (no cloak)
rCorr   .          Rampage  .    i - +0 pair of gloves
Will    .....                    (no boots)
Stlth   ++........               v - amulet of magic regeneration
HPRegen 0.25/turn                e - +4 ring of evasion
MPRegen 0.52/turn                r - ring of flight

@: flying
A: sickness immunity, AC +4, negative energy resistance 1, electricity
resistance, torment resistance 1, petrification resistance
a: no special abilities


You were on level 4 of the Dungeon.
You visited 1 branch of the dungeon, and saw 4 of its levels.

You collected 137 gold pieces.

Inventory:

Hand Weapons
 d - a +0 rapier
 h - a +2 whip of electrocution
Missiles
 k - 15 poisoned darts
 t - a throwing net
Armour
 a - a +0 robe (worn)
 i - a +0 pair of gloves (worn)
 y - a +2 chain mail of fire resistance
 z - a +0 buckler
Magical Staves
 s - a staff of earth (weapon)
Jewellery
 e - a +4 ring of evasion (left hand)
 r - a ring of flight (right hand)
 v - an amulet of magic regeneration (around neck)
 w - a ring of willpower
Wands
 x - a wand of polymorph (6)
Scrolls
 c - 3 scrolls of teleportation {unknown}
 j - 2 scrolls of identify {unknown}
 n - a scroll of fog {unknown}
 q - a scroll of enchant weapon {unknown}
 A - a scroll of noise {unknown}
Potions
 b - 2 potions of magic
 f - a potion of brilliance {unknown}
 g - 3 potions of flight
 l - a potion of heal wounds {unknown}
 m - 2 potions of lignification {unknown}
 o - 2 potions of curing {unknown}
 p - a potion of attraction {unknown}
 u - a potion of mutation {unknown}


   Skills:
 + Level 2.0 Fighting
 + Level 1.1 Staves
 + Level 2.3 Dodging
 + Level 3.1 Stealth
 * Level 3.1 Spellcasting
 * Level 2.6 Conjurations
 + Level 1.7 Transmutations
 * Level 4.8 Earth Magic


You had 5 spell levels left.
You knew the following spells:

 Your Spells              Type           Power      Damage    Failure   Level
a - Sandblast             Erth           60%        2d14      2%          1
b - Stone Arrow           Conj/Erth      48%        3d10      11%         3
c - Passwall              Tmut/Erth      18%        N/A       6%          2

Your spell library contained the following spells:

 Spells                   Type           Power      Damage    Failure   Level
 Beastly Appendage        Tmut           18%        N/A       8%          1
 Sting                    Tmut/Pois      20%        1d4       12%         1
 Ensorcelled Hibernation  Hex/Ice        4%         N/A       24%         2
 Poisonous Vapours        Pois/Air       4%         N/A       24%         2
 Spider Form              Tmut/Pois      5%         N/A       34%         3
 Petrify                  Tmut/Erth      22%        N/A       38%         4
 Olgreb's Toxic Radiance  Pois           2%         N/A       85%         4
 Summon Ice Beast         Ice/Summ       2%         N/A       85%         4
 Irradiate                Conj/Tmut      5%         3d13      88%         5


Dungeon Overview and Level Annotations

Branches:
Dungeon (4/15)
 Temple: D:4-7

Altars:

Shops:
D:3 [

Annotations:
D:4 Pikel


Innate Abilities, Weirdness & Mutations

You are immune to sickness and miasma.
Your stone body is resilient. (AC +4)
You are immune to poison.
You resist negative energy. (rN+)
You are resistant to electric shocks. (rElec)
You are resistant to unholy torment.
You are immune to petrification.


Message History

Aim: Pikel, wielding a +2 whip of freezing and wearing a +0 robe (80% to hit)
Okay, then.
Aiming: Sandblast (safe; 2% risk of failure)
Press: ? - help, Q - select action, (/) - cycle Shift-Dir - straight line, f - Pikel, p - lemure
Aim: Pikel, wielding a +2 whip of freezing and wearing a +0 robe (80% to hit)
You feel a surge of power!
The blast of sand misses the lemure.
The blast of sand hits Pikel but does no damage.
Unknown command.
Unknown command.
Aiming: Sandblast (safe; 2% risk of failure)
Press: ? - help, Q - select action, (/) - cycle Shift-Dir - straight line, f/p - Pikel
Aim: Pikel, wielding a +2 whip of freezing and wearing a +0 robe (80% to hit)
You feel a surge of power!
The blast of sand hits Pikel.
Pikel is lightly wounded.
Pikel hits you with a +2 whip of freezing.
Pikel freezes you.
Aiming: Sandblast (safe; 2% risk of failure)
Press: ? - help, Q - select action, (/) - cycle Shift-Dir - straight line, f/p - Pikel
Aim: Pikel, wielding a +2 whip of freezing and wearing a +0 robe (lightly wounded, 80% to hit)
You feel a surge of power!
The blast of sand hits Pikel!
Pikel is moderately wounded.
Pikel says, "You'll feel the lick of my whip!"
Pikel misses you.
Pikel hits you with a +2 whip of freezing!
Pikel freezes you.
Unknown command.
Aiming: Sandblast (safe; 2% risk of failure)
Press: ? - help, Q - select action, (/) - cycle Shift-Dir - straight line, f/p - Pikel
Aim: Pikel, wielding a +2 whip of freezing and wearing a +0 robe (moderately wounded, 80% to hit)
You feel a surge of power!
The blast of sand hits Pikel!
Pikel is heavily wounded.
Pikel hits you with a +2 whip of freezing.
* * * LOW HITPOINT WARNING * * *
Pikel freezes you.
* * * LOW HITPOINT WARNING * * *
Unknown command.
It was a potion of flight.
You feel more buoyant.
Pikel hits you with a +2 whip of freezing!
You die...

............#..
...............
......5K....#
#######.....#
########...###.# #
...............####.#
#....>........55...#
##.........#####K##.#
...............#@#
##......###.......#
#......# #.......#
#......###.......#
#####...##.......#
###.##.......#
#.##.......# ###
#..#.......#
...#####..........#


You could see Pikel and 2 lemures.

Vanquished Creatures
  A black bear (D:4)
  A phantom (D:4)
  A lemure (D:4)
  A hound (D:4)
  Ijyb (D:4)
  3 adders
  4 worms
  A dart slug (D:3)
  4 orcs (D:3)
  6 bats
  5 endoplasms
  4 giant cockroaches
  11 goblins
  3 hobgoblins
  3 jackals (D:2)
  5 kobolds
  4 quokkas
  7 ball pythons
  A frilled lizard (D:1)
  5 rats
71 creatures vanquished.

Vanquished Creatures (others)
  4 plants
4 creatures vanquished.

Grand Total: 75 creatures vanquished

Notes
Turn   | Place    | Note
-------+----------+-------------------------------------------
     0 | D:1      | arthad the Gargoyle Earth Elementalist began the quest for
                  | the Orb.
     0 | D:1      | Reached XP level 1. HP: 10/10 MP: 3/3
     9 | D:1      | Got the Monograph on the Chill and Shaping
   169 | D:1      | Reached XP level 2. HP: 15/15 MP: 1/5
   439 | D:1      | Reached skill level 1 in Transmutations
   463 | D:1      | Reached skill level 4 in Earth Magic
   527 | D:1      | Reached XP level 3. HP: 20/20 MP: 4/6
   596 | D:1      | Reached skill level 1 in Conjurations
  1114 | D:2      | Learned a level 3 spell: Stone Arrow
  1117 | D:2      | Learned a level 2 spell: Passwall
  1194 | D:2      | Reached skill level 1 in Fighting
  1214 | D:2      | You fall into a shaft and drop 1 floor!
  1246 | D:3      | Found a faded altar of an unknown god.
  1312 | D:2      | Reached XP level 4. HP: 23/25 MP: 1/7
  1989 | D:3      | Found Jijoqy's Armour Boutique.
  2685 | D:4      | Noticed Ijyb
  2760 | D:4      | Killed Ijyb
  2761 | D:4      | Reached XP level 5. HP: 19/29 MP: 5/9
  2815 | D:4      | Noticed a phantom
  2818 | D:4      | Killed a phantom
  2856 | D:4      | Reached XP level 6. HP: 26/35 MP: 8/10
  2898 | D:4      | Noticed a black bear
  2905 | D:4      | Killed a black bear
  2906 | D:4      | Reached skill level 1 in Staves
  2967 | D:4      | Noticed Pikel
  2988 | D:4      | Slain by Pikel

Illustrated notes

Levels and vault maps discovered:
D:1:      lightli_arrival_chessboard, layout_loops_cross, serial_bayou_ford_a
D:2:      layout_rooms
D:3:      layout_basic, nicolae_ecumenical_pavilion, serial_shops, shop,
          minmay_misc_feat_columns, kennysheep_small_spiral, serial_bayou_lake_a
D:4:      layout_basic, minmay_temple_entry_antechambers,
          minmay_misc_feat_hallway, uniq_ijyb, uniq_blork_the_orc, uniq_pikel

Skill      XL: |  1  2  3  4  5  6 |
---------------+-------------------+-----
Transmutations | 1 |  1.7
Earth Magic    | 4 |  4.8
Conjurations   | 1 2 |  2.6
Fighting       | 1 2 |  2.0
Dodging        | 2 |  2.3
Stealth        | 3 |  3.1
Spellcasting   | 3 |  3.1
Staves         | 1 |  1.1

Action                   |  1- 3 |  4- 6 || total
-------------------------+-------+-------++-------
Melee: Whip              |     6 |    10 ||    16
       Unarmed           |       |    12 ||    12
Throw: Dart              |       |     2 ||     2
 Cast: Sandblast         |    55 |    56 ||   111
       Stone Arrow       |       |     1 ||     1
  Use: Potion            |       |     1 ||     1
Armor: Robe              |     9 |     5 ||    14
Dodge: Dodged            |    22 |    29 ||    51

Table legend: (Time is in decaauts)
 A = Elapsed time spent in this place.
 B = Non-inter-level travel time spent in this place.
 C = Inter-level travel time spent in this place.
 D = Time resting spent in this place.
 E = Time spent auto-exploring this place.
 F = Levels seen in this place.
 G = Mean time per level.
                   A        B        C        D        E       F      G
               +--------+--------+--------+--------+--------+-----+--------+
         Total |   3072 |   2951 |    121 |    286 |   2157 |   4 |  768.0 |
       Dungeon |   3072 |   2951 |    121 |    286 |   2157 |   4 |  768.0 |
               +--------+--------+--------+--------+--------+-----+--------+

Top non-repeatable levels by time:
     D:3: 1112 daAuts
     D:1: 991 daAuts
     D:2: 700 daAuts
     D:4: 267 daAuts
